 Dungeon Crawl Stone Soup version 0.29.1-15-g9cfb28693d (webtiles) character file.

Game seed: 969342186165050400

5120 Peloso the Carver (level 10, -14/88 HPs)
             Began as a Minotaur Fighter on Mar 5, 2023.
             Demolished by a dire elephant simulacrum (21 damage)
             ... in an ice cave.
             The game lasted 00:20:00 (8877 turns).

Peloso the Carver (Minotaur Fighter)                Turns: 8877, Time: 00:20:00

Health: -14/88     AC:  9    Str: 22    XL:     10   Next: 32%
Magic:  9/9        EV: 14    Int:  9    God:
Gold:   400        SH:  6    Dex: 13    Spells: 9/9 levels left

rFire   . . .      SeeInvis .   b - +2 scimitar (flame)
rCold   . . .      Faith    .   d - +0 buckler
rNeg    . . .      Spirit   .   x - +3 leather armour "Put-Me-On" {rElec rPois rCorr Int+4}
rPois   +          Reflect  .   (helmet restricted)
rElec   +          Harm     .   (no cloak)
rCorr   +          Rampage  .   r - +1 pair of gloves
Will    .....                   (no boots)
Stlth   ++........              (no amulet)
HPRegen 0.24/turn               (no ring)
MPRegen 0.11/turn               (no ring)

@: mighty, studying Staves
A: horns 2, retaliatory headbutt
a: no special abilities


You were in an ice cave.
You visited 2 branches of the dungeon, and saw 11 of its levels.
You also visited: Ice Cave.

You collected 400 gold pieces.

Inventory:

Hand Weapons
 a - a +1 long sword of electrocution
 b - a +2 scimitar of flaming (weapon)
 c - a +3 long sword
Armour
 d - a +0 buckler (worn)
 r - a +1 pair of gloves (worn)
 x - the +3 leather armour "Put-Me-On" (worn) {rElec rPois rCorr Int+4}
   (You found it on level 5 of the Dungeon)

   Int:       It affects your intelligence (+4).
   rElec:     It insulates you from electricity.
   rPois:     It protects you from poison.
   rCorr:     It protects you from acid and corrosion.
Jewellery
 i - an amulet of magic regeneration
 E - an amulet of faith
Wands
 s - a wand of flame (40)
 w - a wand of polymorph (11)
 F - a wand of roots (6)
Scrolls
 e - a scroll of brand weapon {unknown}
 f - 3 scrolls of noise
 h - a scroll of magic mapping
 l - 4 scrolls of fog
 n - 2 scrolls of summoning {unknown}
 o - a scroll of silence
 q - 6 scrolls of teleportation
 v - 3 scrolls of enchant armour
 y - a scroll of immolation {unknown}
 A - 3 scrolls of vulnerability {unknown}
 C - a scroll of torment {unknown}
 D - 2 scrolls of identify
Potions
 j - a potion of resistance {unknown}
 k - a potion of curing
 m - a potion of magic
 t - 2 potions of attraction {unknown}
 u - 2 potions of brilliance {unknown}
 z - 2 potions of berserk rage {unknown}
 B - a potion of ambrosia {unknown}


   Skills:
 + Level 8.2 Fighting
 + Level 11.6 Long Blades
 + Level 6.6 Armour
 + Level 6.8 Dodging
 + Level 2.6 Stealth
 + Level 7.6 Shields
 + Level 1.1 Evocations


You had 9 spell levels left.
You didn't know any spells.
Your spell library contained the following spells:

 Spells                   Type           Power      Damage    Failure   Level
 Freeze                   Ice            0%         1d3       50%         1
 Static Discharge         Conj/Air       0%         3-3/arc   65%         2
 Frozen Ramparts          Ice            0%         1d1       86%         3
 Dispel Undead            Necr           0%         3d6       99%         4
 Hailstorm                Conj/Ice       0%         3d3       99%         4
 Sticky Flame             Conj/Fire      0%         2d3       99%         4


Dungeon Overview and Level Annotations

Branches:
Dungeon (11/15)            Temple (1/1) D:7           IceCv (1/1)
   Lair: D:8-11         Orc: D:9-12

Altars:
Cheibriados
Dithmenos
Elyvilon
Fedhas
Gozag
Hepliaklqana
Kikubaaqudgha
Makhleb
Nemelex Xobeh
Sif Muna
Trog
Uskayaw
Vehumet
Wu Jian
Xom
Yredelemnul
Zin
The Shining One

Annotations:
D:9 1 runed translucent door IceCv 2 transporters, exclusion: 2 ice statues


Innate Abilities, Weirdness & Mutations

You have a pair of horns on your head.
You reflexively headbutt those who attack you in melee.


Message History

The elephant simulacrum tramples you but does no damage.
The elephant simulacrum barely misses you.
Marking area around 2 ice statues as unsafe for travelling.
There is a transporter landing site here.
There is a transporter here.
You slash the elephant simulacrum!
You melt the elephant simulacrum.
The elephant simulacrum is severely damaged.
The elephant simulacrum closely misses you.
You furiously retaliate!
You headbutt the elephant simulacrum, but do no damage.
The elephant simulacrum misses you.
You hit the elephant simulacrum.
You melt the elephant simulacrum.
The elephant simulacrum is severely damaged.
You slash the elephant simulacrum!
You melt the elephant simulacrum.
The elephant simulacrum vaporises!
The white ugly thing trunk-slaps you! The white ugly thing freezes you!!
You catch the helpless polar bear simulacrum completely off-guard!
You hit the polar bear simulacrum but do no damage.
You headbutt the polar bear simulacrum!
The polar bear simulacrum is moderately damaged.
You flicker back into view.
The white ugly thing misses you.
The polar bear simulacrum barely misses you.
You furiously retaliate!
You headbutt the polar bear simulacrum.
The polar bear simulacrum closely misses you.
The polar bear simulacrum barely misses you.
The white ugly thing is engulfed in freezing vapours.
The death yak simulacrum gores you but does no damage.
The white ugly thing attacks as you move away!
You block the white ugly thing's attack.
The white ugly thing attacks as you move away!
The white ugly thing trunk-slaps you but does no damage.
There is an ice choked empty arch of ancient stone here.
The white ugly thing attacks as you move away!
You block the white ugly thing's attack.
There is an ice covered gate leading back out of this place here.
The white ugly thing trunk-slaps you! The white ugly thing freezes you!!
* * * LOW HITPOINT WARNING * * *
The dire elephant simulacrum tramples you!!
You die...

#######
##..@..##
##..Zu...##
##...ZZ....##
#......Z....#
#....Z......#
##...........##
#.............#
#....8...8....#
#......?......#


You could see a white ugly thing, a death yak simulacrum, a dire elephant
simulacrum and 3 polar bear simulacra.

Vanquished Creatures
  A two-headed ogre (D:8)
  Erica (D:8)
  Pikel (D:4)
  An orc sorcerer (D:7)
  An orc warrior (D:7)
  3 sky beasts
  3 black bears
  An ogre (D:5)
  2 centaurs
  3 lemures (D:3)
  2 phantoms
  Blork the orc (D:4)
  2 bullfrogs (D:7)
  A necrophage (D:5)
  A scorpion (D:5)
  13 wights
  5 killer bees (D:9)
  An elephant simulacrum (IceCv)
  4 electric eels (D:3)
  3 orc priests (D:7)
  3 jellies
  2 hounds
  6 orc wizards
  Natasha (D:2)
  3 iguanas
  Robin (D:3)
  6 adders
  4 shadow imps
  2 white imps (D:7)
  A dart slug (D:1)
  17 orcs
  4 bats
  8 endoplasms
  A giant cockroach (D:3)
  13 goblins
  9 hobgoblins
  2 quokkas
  3 ball pythons
  2 frilled lizards
  12 kobolds
  11 rats
161 creatures vanquished.

Vanquished Creatures (others)
  A fungus (D:2)
  A plant (D:8)
2 creatures vanquished.

Grand Total: 163 creatures vanquished

Notes
Turn   | Place    | Note
-------+----------+-------------------------------------------
     0 | D:1      | Peloso the Minotaur Fighter began the quest for the Orb.
     0 | D:1      | Reached XP level 1. HP: 19/19 MP: 0/0
   137 | D:1      | Found a faded altar of an unknown god.
   197 | D:1      | Reached XP level 2. HP: 21/27 MP: 1/1
   648 | D:1      | Reached skill level 3 in Long Blades
   803 | D:1      | Reached XP level 3. HP: 31/33 MP: 2/2
  1074 | D:2      | Noticed Natasha
  1086 | D:2      | Killed Natasha
  1296 | D:2      | Reached XP level 4. HP: 41/41 MP: 3/3
  1944 | D:3      | Found a transporter.
  1958 | D:3      | Found a transporter.
  2187 | D:3      | Noticed Robin
  2203 | D:3      | Killed Robin
  2227 | D:3      | Reached skill level 4 in Long Blades
  2769 | D:4      | Noticed a black bear
  2773 | D:4      | Killed a black bear
  2774 | D:4      | Reached skill level 1 in Dodging
  2774 | D:4      | Reached XP level 5. HP: 39/47 MP: 4/4
  2983 | D:4      | Noticed a lemure
  2984 | D:4      | Noticed Pikel
  2984 | D:4      | Noticed a lemure
  3004 | D:3      | Reached skill level 5 in Long Blades
  3039 | D:3      | Killed a lemure
  3054 | D:3      | Killed a lemure
  3355 | D:4      | Noticed a lemure
  3382 | D:3      | Killed a lemure
  3398 | D:4      | Noticed a lemure
  3403 | D:4      | Killed Pikel
  3404 | D:4      | Reached skill level 5 in Fighting
  3404 | D:4      | Reached skill level 6 in Long Blades
  3404 | D:4      | Reached skill level 5 in Armour
  3404 | D:4      | Reached skill level 5 in Shields
  3404 | D:4      | Reached XP level 6. HP: 55/56 MP: 5/5
  3404 | D:4      | Reached XP level 7. HP: 60/61 MP: 6/6
  3478 | D:4      | Noticed Blork the orc
  3486 | D:4      | Killed Blork the orc
  3542 | D:5      | Entered Level 5 of the Dungeon
  3560 | D:5      | Reached skill level 7 in Long Blades
  3622 | D:5      | Reached XP level 8. HP: 69/70 MP: 7/7
  3714 | D:5      | Identified the +3 leather armour "Put-Me-On" {rElec rPois
                  | rCorr Int+4}
  4687 | D:6      | Reached skill level 8 in Long Blades
  4860 | D:6      | Reached skill level 1 in Stealth
  5284 | D:3      | Reached skill level 9 in Long Blades
  5429 | D:7      | Found a staircase to the Ecumenical Temple.
  5475 | Temple   | Entered the Ecumenical Temple
  5646 | D:7      | Reached XP level 9. HP: 72/78 MP: 8/8
  5776 | D:7      | Reached skill level 5 in Dodging
  5789 | D:7      | Noticed an orc sorcerer
  5800 | D:7      | Paralysed by an orc sorcerer for 5 turns
  5807 | D:7      | Noticed a hellwing
  5808 | D:7      | Killed an orc sorcerer
  6292 | D:7      | Reached skill level 10 in Long Blades
  6549 | D:7      | Reached skill level 1 in Evocations
  6971 | D:8      | Identified the +0 mace of Gehenna {vorpal, Str+4 Dex+4}
  6977 | D:8      | Noticed a two-headed ogre
  6988 | D:8      | Killed a two-headed ogre
  7502 | D:8      | Reached skill level 11 in Long Blades
  7527 | D:8      | Reached XP level 10. HP: 35/84 MP: 9/9
  7744 | D:8      | Noticed Erica
  7972 | D:8      | Killed Erica
  8407 | D:8      | Found a faded altar of an unknown god.
  8409 | D:8      | Found a hazy altar of Hepliaklqana.
  8409 | D:8      | Found a faded altar of an unknown god.
  8627 | D:9      | Found a large runed translucent door.
  8785 | D:9      | You fall into a shaft and drop 2 floors!
  8837 | D:11     | Found a frozen archway.
  8837 | D:11     | Noticed a two-headed ogre
  8841 | IceCv    | Entered an ice cave
  8841 | IceCv    | Noticed a white ugly thing
  8851 | IceCv    | Found a transporter.
  8855 | IceCv    | Noticed a white ugly thing
  8858 | IceCv    | Found a transporter.
  8858 | IceCv    | Noticed an ice statue
  8858 | IceCv    | Noticed an ice statue
  8877 | IceCv    | Demolished by a dire elephant simulacrum

Illustrated notes

Levels and vault maps discovered:
D:1:      pf_arrival_petrified_forest, layout_loops_cross,
          hellmonk_ecumenical_altar_slurped_away, minmay_statues_item,
          chequers_serial_rivers_micro_b, minmay_stone_trees_small,
          minmay_tall_x
D:2:      layout_loops_cross, dreamdust_mushroom_princess, uniq_natasha
D:3:      gammafunk_steamed_eel, layout_basic, uniq_robin
D:4:      layout_rooms, hex_large, uniq_pikel, uniq_blork_the_orc
D:5:      layout_loops_ring
D:6:      layout_loops_ring
D:7:      cheibrodos_wizards_tower, layout_loops_cross, minmay_temple_entry_tees
D:8:      kennysheep_seaside_town, layout_gridville,
          nicolae_hepliaklqana_ecumenical_no_more, uniq_erica, uniq_psyche
D:9:      layout_roguey, grunt_qazlal_sundering, jmf_multi_god_temple2,
          minmay_misc_feat_iff
D:11:     layout_long_grid, portal_ice_cave_entry_pillars_2
Temple:   nicolae_temple_bog_church
IceCv:    ice_cave_statue_garden_transporter

Skill      XL: |  1  2  3  4  5  6  7  8  9 10 |
---------------+-------------------------------+-----
Armour         | 4 5 6 |  6.6
Fighting       | 4 5 6 7 8 |  8.2
Long Blades    | 3 4 6 7 9 11 | 11.6
Shields        | 4 5 6 7 |  7.6
Dodging        | 1 2 3 4 6 |  6.8
Stealth        | 1 2 |  2.6
Evocations     | 1 |  1.1

Action                   |  1- 3 |  4- 6 |  7- 9 | 10-12 || total
-------------------------+-------+-------+-------+-------++-------
Melee: Long sword        |    64 |   120 |   240 |    19 ||   443
       Headbutt          |    12 |    20 |    34 |    11 ||    77
       Scimitar          |       |       |       |    58 ||    58
Evoke: Wand              |       |       |     5 |     5 ||    10
  Use: Scroll            |     5 |     2 |     2 |     1 ||    10
       Potion            |       |     2 |     3 |     3 ||     8
 Stab: Sleeping          |       |       |     2 |       ||     2
       Invisible         |       |       |       |     1 ||     1
Armor: Scale mail        |    29 |    17 |       |       ||    46
       Acid dragon scale |       |    33 |     6 |       ||    39
       Leather armour    |       |       |    84 |    20 ||   104
Dodge: Dodged            |    32 |    69 |   113 |    45 ||   259
Block: Buckler           |    13 |    35 |    62 |    23 ||   133
